 Dungeon Crawl Stone Soup version 0.18-a0-316-gf882de5 (webtiles) character file.

5340 kosy22 the Nimble (level 10, -4/98 HPs)
             Began as a Troll Fighter on Nov 27, 2015.
             Slain by a phantom (7 damage)
             ... on level 9 of the Dungeon.
             The game lasted 00:28:05 (8020 turns).

kosy22 the Nimble (Troll Fighter)                   Turns: 8020, Time: 00:28:07

Health: -4/98      AC:  7    Str: 29    XL:     10   Next: 38%
Magic:  9/9        EV: 11    Int:  4    God:
Gold:   389        SH: 11    Dex:  9    Spells: 0 memorised, 9 levels left

rFire  + . .     SeeInvis .       - Unarmed
rCold  . . .     Clarity  .     I - +2 robe {rF+}
rNeg   . . .     SustAt   .     b - +1 shield
rPois  .         Gourm    +     (helmet restricted)
rElec  .         Spirit   .     (no cloak)
rCorr  .         Warding  .     (gloves unavailable)
rMut   .         Stasis   .     (boots unavailable)
MR     .....                    x - amulet of rage
Stlth  +.........               (no ring)
                                (no ring)

@: slowed, very slow, not resistant to hostile enchantments, very unstealthy
A: unfitting armour, claws 3, fast metabolism 3, gourmand, regeneration 2,
shaggy fur 1, tough skin 2
a: Evoke Berserk Rage


You were on level 9 of the Dungeon.
You were hungry.

You visited 2 branches of the dungeon, and saw 10 of its levels.

You collected 461 gold pieces.
You spent 72 gold pieces at shops.

Inventory:

Hand Weapons
 o - the +1 mace of Experimentation {drain, +Blink rElec Dex+4 Stlth-}
   (You found it on level 8 of the Dungeon)

   A truly terrible weapon, it drains the life of those it strikes.
   It affects your dexterity (+4).
   It insulates you from electricity.
   It lets you blink.
   It makes you less stealthy.
 r - a +1 blowgun
Missiles
 s - 33 poisoned needles
Armour
 a - a +0 robe
 b - a +1 shield (worn)
 I - a +2 robe of fire resistance (worn)
 P - the +0 robe "Fool" {rC- rN+ Regen+ rCorr}
   (You found it on level 7 of the Dungeon)

   It makes you vulnerable to cold.
   It protects you from negative energy.
   It increases your rate of regeneration.
   It protects you from acid and corrosion.
Magical Staves
 t - an uncursed staff of energy {unknown}
Jewellery
 w - an uncursed ring of see invisible
 x - an amulet of rage (around neck)
 B - an uncursed ring of stealth {unknown}
 H - a +4 ring of protection {unknown}
Wands
 j - a wand of lightning (0)
 n - a wand of enslavement (3)
 N - a wand of cold (9)
Scrolls
 e - 4 scrolls of remove curse
 i - a scroll of identify
 k - 2 scrolls of enchant weapon
 m - 4 scrolls of teleportation
 p - 2 scrolls of amnesia
 v - a scroll of fear
Potions
 c - 4 potions of might
 f - a potion of ambrosia
 g - 3 potions of brilliance
 h - 7 potions of curing
 q - a potion of invisibility {unknown}
 C - a potion of mutation {unknown}
 D - 3 potions of heal wounds
 F - 5 potions of lignification
 K - a potion of agility {unknown}
 L - a potion of flight {unknown}
Comestibles
 d - a bread ration
 l - 10 royal jellies
 A - a slice of pizza
 E - a meat ration
 G - a beef jerky


   Skills:
 + Level 5.8 Fighting
 + Level 0.8 Maces & Flails
 + Level 2.2 Throwing
 + Level 8.4 Dodging
 + Level 1.2 Stealth
 + Level 6.7 Shields
 + Level 6.5 Unarmed Combat
 + Level 0.2 Evocations


You had 9 spell levels left.
You didn't know any spells.

Dungeon Overview and Level Annotations

Branches:
Dungeon (9/15)             Temple (1/1) D:5
   Lair: D:8-11         Orc: D:9-12

Altars:
Ashenzari
Cheibriados
Dithmenos
Elyvilon
Fedhas
Gozag
Kikubaaqudgha
Makhleb
Nemelex Xobeh
Okawaru
Ru
Sif Muna
Trog
Vehumet
Xom
Yredelemnul
Zin
The Shining One
Jiyva

Shops:
D:4 !   D:5 [   D:7 (


Innate Abilities, Weirdness & Mutations

You are too large for most types of armour.
You have claws for hands.
Your metabolism is lightning-fast.
You like to eat raw meat.
You heal very quickly.
You are covered in fur (AC +1).
You have very tough skin (AC +2).


Message History

The phantom is lightly damaged.
The porcupine bites you but does no damage.
The phantom blinks!
The porcupine closely misses you.
The phantom blinks!
You block the porcupine's attack.
The phantom blinks!
The phantom blinks!
You block the porcupine's attack.
You barely miss the porcupine. The porcupine bites you!
You claw the porcupine!
The porcupine is severely wounded.
The porcupine barely misses you. The phantom hits you.
* * * LOW HITPOINT WARNING * * *
The porcupine bites you.
* * * LOW HITPOINT WARNING * * *
You are struck by the porcupine's spines.
* * * LOW HITPOINT WARNING * * *
You closely miss the porcupine.
The porcupine is severely wounded.
The porcupine bites you!
* * * LOW HITPOINT WARNING * * *
The phantom blinks!
You block the porcupine's attack. The phantom hits you!
You die...

..##############
#...r##
..tYt...#
#.###Y####
..#####t# #...Yt
.## #.# #.####
## #.###########
..##
#...†.....(.#
#.#
##########)###
#> #..r§.# #
#..@..# #.._W.#
#.....# #######


You could see a phantom and a porcupine.

Vanquished Creatures
  Pikel (D:6)
  Maurice (D:9)
  Joseph (D:9)
  Grinder (D:6)
  A two-headed ogre (D:8)
  Sigmund (D:3)
  The ghost of WereVolvo the Sneak, an amateur KoEn (D:4)
  A yak (D:9)
  Eustachio (D:5)
  A hippogriff (D:8)
  3 orc warriors
  An ice beast (D:8)
  A sky beast (D:9)
  Duvessa (D:5)
  A black bear (D:6)
  A phantom (D:8)
  6 ogres
  A centaur (D:7)
  2 crocodiles (D:9)
  Blork the orc (D:6)
  A giant frog (D:7)
  Dowan (D:5)
  A wyvern zombie (D:8)
  2 scorpions
  4 crimson imps
  A giant frog zombie (D:8)
  4 jellies (D:8)
  4 hounds
  5 orc priests
  A centaur skeleton (D:7)
  3 orc wizards
  5 worker ants
  A quasit (D:8)
  An iguana (D:4)
  A hound zombie (D:8)
  3 hound skeletons
  Robin (D:3)
  9 adders
  11 gnolls
  A river rat (D:9)
  2 shadow imps
  9 oozes
  4 worms
  5 giant geckos
  14 orcs
  3 giant cockroaches
  9 goblins (D:3)
  7 hobgoblins
  11 jackals
  7 kobolds
  6 quokkas
  A ball python (D:1)
  8 bats
  2 giant newts
  A jackal zombie (D:5)
  A quokka skeleton (D:4)
  5 rats
  A butterfly (D:2)
184 creatures vanquished.

Vanquished Creatures (collateral kills)
  An ice beast (D:9)
  An orc (D:9)
  2 kobolds (D:9)
4 creatures vanquished.

Vanquished Creatures (others)
  Menkaure (D:6)
  A centaur (D:6)
  A necrophage (D:6)
  2 giant frogs (D:6)
  A crimson imp (D:6)
  2 orc wizards (D:6)
  An adder skeleton (D:6)
  An orc (D:6)
  A bush (D:9)
  4 plants (D:9)
15 creatures vanquished.

Grand Total: 203 creatures vanquished

Notes
Turn   | Place    | Note
--------------------------------------------------------------
     0 | D:1      | kosy22 the Troll Fighter began the quest for the Orb.
     0 | D:1      | Reached XP level 1. HP: 22/22 MP: 0/0
   287 | D:1      | Reached XP level 2. HP: 29/29 MP: 1/1
   529 | D:2      | Found a white marble altar of Elyvilon.
   529 | D:2      | Found a shimmering altar of Xom.
   592 | D:2      | Reached XP level 3. HP: 36/36 MP: 2/2
   615 | D:2      | Found an opulent altar of Gozag.
   966 | D:2      | Reached skill level 3 in Dodging
  1051 | D:3      | Found a shattered altar of Ashenzari.
  1058 | D:3      | Noticed Robin
  1087 | D:3      | Reached XP level 4. HP: 33/44 MP: 3/3
  1120 | D:3      | Killed Robin
  1668 | D:3      | Noticed Sigmund
  1678 | D:3      | Killed Sigmund
  1678 | D:3      | Reached skill level 1 in Throwing
  1678 | D:3      | Reached XP level 5. HP: 45/53 MP: 4/4
  1765 | D:3      | Reached XP level 6. HP: 59/61 MP: 5/5
  1831 | D:3      | Found a burning altar of Makhleb.
  1831 | D:3      | Found an ancient bone altar of Kikubaaqudgha.
  2359 | D:4      | Noticed WereVolvo's ghost (amateur KoEn)
  2372 | D:4      | Found an iron altar of Okawaru.
  2458 | D:4      | Reached skill level 4 in Shields
  2485 | D:3      | Reached XP level 7. HP: 35/67 MP: 6/6
  2654 | D:4      | Killed WereVolvo's ghost
  3187 | D:4      | Found Jeqoron's Distillery.
  3190 | D:4      | Bought a potion of heal wounds for 55 gold pieces
  3348 | D:5      | Entered Level 5 of the Dungeon
  3371 | D:5      | Noticed Eustachio
  3419 | D:5      | Killed Eustachio
  3419 | D:5      | Reached skill level 5 in Dodging
  3419 | D:5      | Reached XP level 8. HP: 61/78 MP: 7/7
  3447 | D:5      | Found a staircase to the Ecumenical Temple.
  3456 | Temple   | Entered the Ecumenical Temple
  3768 | D:5      | Noticed Duvessa
  3770 | D:5      | Noticed Dowan
  3784 | D:5      | Killed Duvessa
  3798 | D:5      | Killed Dowan
  4105 | D:5      | Found Pikatz's Antique Armour Shop.
  4111 | D:5      | Bought a glowing robe for 17 gold pieces
  4149 | D:5      | Reached skill level 5 in Shields
  4385 | D:5      | Reached skill level 6 in Dodging
  4568 | D:6      | Noticed Grinder
  4584 | D:6      | Killed Grinder
  4584 | D:6      | Reached skill level 5 in Unarmed Combat
  4722 | D:6      | Noticed Pikel
  4743 | D:6      | Killed Pikel
  4743 | D:6      | Reached XP level 9. HP: 49/87 MP: 8/8
  4778 | D:6      | Found a deep blue altar of Sif Muna.
  4834 | D:6      | Noticed Blork the orc
  4849 | D:6      | Killed Blork the orc
  4870 | D:6      | Killed Menkaure
  4908 | D:6      | Reached skill level 7 in Dodging
  5141 | D:6      | Found a glowing golden altar of the Shining One.
  5542 | D:7      | Found a sacrificial altar of Ru.
  6162 | D:7      | Found a basalt altar of Yredelemnul.
  6530 | D:7      | Reached skill level 5 in Fighting
  6565 | D:7      | Found Hoygreg's Weapon Boutique.
  6698 | D:7      | Got a heavily jewelled robe
  6710 | D:7      | Identified the cursed +0 robe "Fool" {rC- rN+ Regen+ rCorr} (You found it on level 7 of the Dungeon)
  6880 | D:8      | Reached skill level 1 in Stealth
  7316 | D:8      | Reached XP level 10. HP: 51/96 MP: 9/9
  7587 | D:8      | Reached skill level 8 in Dodging
  7606 | D:8      | Got a faintly glowing mace
  7607 | D:8      | Identified the cursed +1 mace of Experimentation {drain, +Blink rElec Dex+4 Stlth-} (You found it on level 8 of the Dungeon)
  7795 | D:9      | Noticed Joseph
  7816 | D:9      | Killed Joseph
  7837 | D:9      | Noticed Maurice
  7890 | D:9      | Killed Maurice
  7977 | D:9      | Found a snail-covered altar of Cheibriados.
  8020 | D:9      | HP: 3/98 [porcupine (15)]
  8020 | D:9      | Slain by a phantom

Vault maps used:
D:1:      lightli_arrival_isolated_outpost
D:2:      xom_butterflies, lemuel_round_altar, lemuel_crystal_altar
D:3:      gammafunk_temple_overflow_wave, cheibrodos_ashenzari_chains,
          uniq_robin, uniq_sigmund
D:4:      old_standard_altar, first_bread, serial_shops, kennysheep_mini,
          kennysheep_potato
D:5:      minmay_temple_entry_mist, serial_shops, shop,
          grunt_decor_mini_mirrors, uniq_eustachio, uniq_duvessa
D:6:      tso_altar, nicolae_overflow_crystal_walls, uniq_blork_the_orc,
          uniq_pikel, uniq_menkaure, uniq_grinder
D:7:      nicolae_overflow_hidden_temple, nicolae_ru_awakened_eye, serial_shops,
          nicolae_shop_crystal
D:8:      hangedman_little_slice_of_home
D:9:      cheibriados_altar_wand_db, lemuel_round_altar,
          minmay_lair_entry_grove, erik_orc_1, uniq_maurice, uniq_joseph
Temple:   pf_slimified_temple

Action                   |  1- 3 |  4- 6 |  7- 9 | 10-12 || total
-------------------------+-------+-------+-------+-------++-------
Melee: Unarmed           |   103 |   106 |   435 |    59 ||   703
       Trident           |       |       |    22 |       ||    22
       Mace              |       |       |       |    57 ||    57
 Fire: Blowgun           |       |    31 |     6 |       ||    37
Evoke: Wand              |       |       |     2 |     5 ||     7
  Use: Scroll            |       |     3 |    12 |     2 ||    17
       Potion            |       |       |     5 |       ||     5
  Eat: Chunk             |    12 |    11 |    31 |       ||    54
       Fruit             |       |     2 |     1 |       ||     3
       Bread ration      |       |       |     3 |       ||     3
       Pizza             |       |       |     1 |       ||     1
